 Dungeon Crawl Stone Soup version 0.32-a0-913-g739538afd8 (webtiles) character file.

Game seed: 199491570251256018

4241 zazu2006 the Spear-Bearer (level 10, -2/74 HPs)
             Began as a Gnoll Wanderer on Apr 9, 2024.
             Was a Believer of Vehumet.
             Splashed by a brown ugly thing's acid (9 damage)
             ... on level 12 of the Dungeon.
             The game lasted 00:22:38 (5766 turns).

zazu2006 the Spear-Bearer (Gnoll Wanderer)          Turns: 5766, Time: 00:22:38

Health: -2/74      AC:  5    Str: 13    XL:     10   Next: 30%
Magic:  18/18      EV: 12    Int: 22    God:    Vehumet [**....]
Gold:   515        SH:  0    Dex: 13    Spells: 12/19 levels left

rFire   . . .        a - +2 spear
rCold   . . .        (no shield)
rNeg    . . .        p - +3 leather armour
rPois   .            B - +0 helmet {Int+3}
rElec   .            (no cloak)
rCorr   .            (no gloves)
SInv    .            w - +0 pair of boots
Will    .....        r - amulet of magic regeneration
Stlth   +++          h - +6 ring of intelligence
HPRegen 0.32/turn    t - ring of wizardry
MPRegen 0.56/turn

%: wizardry (x1)
@: corroded, invisible
A: fangs 1, strong nose, distributed training
a: Renounce Religion


You were on level 12 of the Dungeon.
You worshipped Vehumet.
Vehumet was pleased with you.
You visited 2 branches of the dungeon, and saw 13 of its levels.
You also visited: Bailey.

You collected 515 gold pieces.

Inventory:

Hand Weapons
 a - a +2 spear (weapon)
 u - the +1 eveningstar "Brilliance" {foul flame, Umbra}
   (You took it off an orc warrior in a bailey)

   Umbra:     It surrounds you with an aura of shadow, increasing your stealth
   and reducing the accuracy of all others within it.
Missiles
 b - 12 poisoned darts
 c - a boomerang (quivered)
 k - 2 javelins
 s - 3 throwing nets
Armour
 o - a +1 hat
 p - a +3 leather armour (worn)
 w - a +0 pair of boots (worn)
 y - a +0 crystal plate armour
 B - a +0 helmet of intelligence (worn)
Jewellery
 h - a +6 ring of intelligence (left hand)
 i - an amulet of faith
 j - a ring of ice
 r - an amulet of magic regeneration (around neck)
 t - a ring of wizardry (right hand)
Wands
 q - a wand of flame (1)
 z - a wand of warping (4)
Scrolls
 d - a scroll of enchant armour {unknown}
 e - a scroll of brand weapon {unknown}
 f - a scroll of identify
 m - a scroll of poison {unknown}
 n - 3 scrolls of teleportation
 C - 3 scrolls of enchant weapon {unknown}
Potions
 g - a potion of attraction
 l - a potion of curing
 x - 4 potions of resistance
 A - a potion of mutation


   Skills:
 + Level 5.3 Fighting
 + Level 5.3 Short Blades
 + Level 5.3 Long Blades
 + Level 5.3 Axes
 + Level 6.0 Maces & Flails
 + Level 11.7 Polearms
 + Level 5.3 Staves
 + Level 5.3 Ranged Weapons
 + Level 10.1 Throwing
 + Level 5.3 Armour
 + Level 5.3 Dodging
 + Level 5.3 Stealth
 + Level 5.3 Shields
 + Level 5.3 Unarmed Combat
 + Level 5.3 Spellcasting
 + Level 4.4 Conjurations
 + Level 4.4 Hexes
 + Level 4.4 Summonings
 + Level 4.4 Necromancy
 + Level 4.4 Translocations
 + Level 4.4 Fire Magic
 + Level 4.4 Ice Magic
 + Level 4.4 Air Magic
 + Level 4.4 Earth Magic
 + Level 4.4 Alchemy
 + Level 5.9 Invocations
 + Level 5.3 Evocations
 + Level 4.9 Shapeshifting


You had 12 spell levels left.
You knew the following spells:

 Your Spells              Type           Power      Damage    Failure   Level
a - Magic Dart            Conj           100%       1d8       1%          1
b - Blink                 Tloc           50%        N/A       1%          2
c - Sticky Flame          Fire/Alch      25%        2d6       8%          4

Your spell library contained the following spells:

 Spells                   Type           Power      Damage    Failure   Level
 Scorch                   Fire           50%        2d7       1%          2
 Sting                    Conj/Alch      100%       1d9       1%          1
 Call Imp                 Summ           50%        N/A       1%          2
 Mercury Vapours          Alch/Air       50%        N/A       1%          2
 Fugue of the Fallen      Necr           25%        N/A       2%          3
 Inner Flame              Hex/Fire       25%        N/A       2%          3
 Ozocubu's Armour         Ice            25%        N/A       2%          3
 Flame Wave               Conj/Fire      25%        2d8       8%          4
 Olgreb's Toxic Radiance  Alch           25%        N/A       8%          4
 Manifold Assault         Tloc           12%        N/A       99%         7


Dungeon Overview and Level Annotations

Branches:
Dungeon (12/15)            Temple (1/1) D:5          Bailey (visited)
   Lair: D:8-11         Orc: D:9-12

Altars:
Ashenzari
Cheibriados
Dithmenos
Elyvilon
Fedhas
Gozag
Hepliaklqana
Kikubaaqudgha
Makhleb
Nemelex Xobeh
Okawaru
Qazlal
Ru
Sif Muna
Trog
Uskayaw
Vehumet
Wu Jian
Xom
Yredelemnul
Zin
The Shining One

Shops:
D:3 *   D:5 [   D:7 [   D:8 *

Annotations:
D:8 exclusions: ice statue and orange crystal statue


Innate Abilities, Weirdness & Mutations

You have very sharp teeth.
Your uncanny sense of smell can sniff out nearby items.
Your experience applies equally to all skills.


Message History

The centaur is almost dead.
The centaur hits you but does no damage.
The centaur closely misses you.
You hit the centaur.
You kill the centaur!
Vehumet accepts your kill.
You now have 515 gold pieces (gained 15).
Things that are here:
a +0 orcbow; a +0 shortbow; a centaur corpse
There is an open door here.
You see here a poisoned dart.
b - 12 poisoned darts (gained 1)
There is a stone staircase leading down here.
You climb downwards.
Found a scale mail.
Found an escape hatch in the floor.
There is a stone staircase leading up here.
There is an escape hatch in the floor here.
A brown ugly thing comes into view.
Found a stone staircase leading up.
A slime creature comes into view. 3 slime creatures come into view.
The brown ugly thing gurgles horribly!
The slime creature quivers.
The slime creature jiggles.
The brown ugly thing kicks you! The acid corrodes you!
You are splashed with acid!
The slime creature hits you!!
The slime creature quivers.
The brown ugly thing attacks as it pursues you!
The brown ugly thing kicks you!
You are splashed with acid!
* * * LOW HITPOINT WARNING * * *
Two slime creatures merge to form a large slime creature.
There is a stone staircase leading up, spattered with blood here.
Okay, then.
Okay, then.
You fade into invisibility!
The brown ugly thing kicks you!
* * * LOW HITPOINT WARNING * * *
You are splashed with acid!
You die...

........# .......##
.......## .#
#.......####.#
#........#...
#.#### #...[.....#
#.....###.........#
#.....@u.........#
#......J.###.....#
#..###...# #.>...#
#. #....# #<...##
#.J.## #....#
#....# #....#
......# #...##
..J...# #...# #...#


You could see a brown ugly thing (unable to see you), a large slime creature
(unable to see you) and 2 slime creatures.

Vanquished Creatures
  A two-headed ogre (D:11)
  A komodo dragon (D:11)
  A steam dragon (D:8)
  Eustachio (D:5)
  Menkaure (D:5)
  3 water moccasins
  6 orc warriors (Bailey)
  A black bear (D:5)
  2 ice beasts
  2 ogres (D:5)
  5 centaurs
  A bullfrog (D:8)
  3 scorpions
  2 howler monkeys
  A bombardier beetle (D:7)
  3 orc priests (D:8)
  2 gnoll boudas
  3 iguanas
  5 orc wizards
  15 gnolls
  5 adders
  A shadow imp (D:7)
  3 white imps
  An ufetubus (D:5)
  12 dart slugs
  2 ribbon worms
  30 orcs
  4 ball pythons
  3 endoplasms
  2 giant cockroaches (D:1)
  3 hobgoblins
  A kobold (D:4)
  A quokka (D:5)
  A frilled lizard (D:1)
  7 goblins
  2 rats
137 creatures vanquished.

Vanquished Creatures (collateral kills)
  2 vampire mosquitoes (D:10)
  An orc (D:10)
  3 goblins (D:10)
6 creatures vanquished.

Grand Total: 143 creatures vanquished

Notes
Turn   | Place    | Note
-------+----------+-------------------------------------------
     0 | D:1      | Reached skill level 10 in Polearms
     0 | D:1      | zazu2006 the Gnoll Wanderer began the quest for the Orb.
     0 | D:1      | zazu2006 set off with the following items: a +2 spear, a +0
                  | mace, 8 boomerangs, a +0 dagger, a potion of berserk rage,
                  | a +0 leather armour.
     0 | D:1      | Reached XP level 1. HP: 13/13 MP: 1/1
    50 | D:1      | Reached XP level 2. HP: 7/19 MP: 2/2
   206 | D:2      | Reached XP level 3. HP: 21/25 MP: 2/4
   257 | D:2      | Reached skill level 1 in Invocations
   274 | D:2      | Reached skill level 1 in Fighting
   274 | D:2      | Reached skill level 1 in Short Blades
   274 | D:2      | Reached skill level 1 in Long Blades
   274 | D:2      | Reached skill level 1 in Axes
   274 | D:2      | Reached skill level 1 in Staves
   274 | D:2      | Reached skill level 1 in Ranged Weapons
   274 | D:2      | Reached skill level 1 in Armour
   274 | D:2      | Reached skill level 1 in Dodging
   274 | D:2      | Reached skill level 1 in Stealth
   274 | D:2      | Reached skill level 1 in Shields
   274 | D:2      | Reached skill level 1 in Unarmed Combat
   274 | D:2      | Reached skill level 1 in Spellcasting
   274 | D:2      | Reached skill level 1 in Evocations
   275 | D:2      | Reached skill level 1 in Shapeshifting
   275 | D:2      | Reached XP level 4. HP: 15/32 MP: 5/5
   307 | D:3      | Reached skill level 1 in Conjurations
   307 | D:3      | Reached skill level 1 in Hexes
   307 | D:3      | Reached skill level 1 in Summonings
   307 | D:3      | Reached skill level 1 in Necromancy
   307 | D:3      | Reached skill level 1 in Translocations
   307 | D:3      | Reached skill level 1 in Fire Magic
   307 | D:3      | Reached skill level 1 in Ice Magic
   307 | D:3      | Reached skill level 1 in Air Magic
   307 | D:3      | Reached skill level 1 in Earth Magic
   307 | D:3      | Reached skill level 1 in Alchemy
   522 | D:3      | Reached XP level 5. HP: 33/37 MP: 5/7
   595 | D:3      | Found Uxkaman's Assorted Antiques.
   720 | D:4      | Noticed a water moccasin
   738 | D:4      | Killed a water moccasin
   739 | D:4      | Reached XP level 6. HP: 31/44 MP: 8/8
   928 | D:5      | Entered Level 5 of the Dungeon
   960 | D:5      | Noticed an ice beast
   969 | D:5      | Killed an ice beast
  1209 | D:5      | Reached XP level 7. HP: 51/51 MP: 10/10
  1259 | D:5      | Found Jilauc's Antique Armour Shoppe.
  1314 | D:5      | Noticed Eustachio
  1329 | D:5      | Killed Eustachio
  1394 | D:5      | Reached XP level 8. HP: 4/58 MP: 12/12
  1650 | D:5      | Found a staircase to the Ecumenical Temple.
  1659 | Temple   | Entered the Ecumenical Temple
  1669 | Temple   | Became a worshipper of Vehumet
  1784 | D:5      | Noticed Menkaure
  1796 | D:5      | Killed Menkaure
  1939 | D:5      | Reached skill level 11 in Polearms
  1958 | D:5      | Found a hide-covered altar of Uskayaw.
  1958 | D:5      | Found a shadowy altar of Dithmenos.
  2390 | D:7      | Learned a level 1 spell: Magic Dart
  2405 | D:7      | Found Hymeacei's Armour Boutique.
  2509 | D:7      | Reached * piety under Vehumet
  2509 | D:7      | Offered knowledge of Kiss of Death by Vehumet.
  2531 | D:7      | Found a white marble altar of Elyvilon.
  2614 | D:7      | Learned a level 2 spell: Blink
  3135 | D:8      | Noticed an ice statue
  3208 | D:8      | Reached XP level 9. HP: 51/65 MP: 14/14
  3605 | D:8      | Found Xeiph's Changing Room.
  3648 | D:8      | Reached skill level 5 in Maces & Flails
  4035 | D:8      | Noticed an orange crystal statue
  4213 | D:10     | Entered Level 10 of the Dungeon
  4370 | D:10     | Found a flagged portal.
  4401 | D:10     | Reached skill level 5 in Invocations
  4436 | Bailey   | Entered a bailey
  4536 | Bailey   | Reached ** piety under Vehumet
  4536 | Bailey   | Offered knowledge of Scorch by Vehumet.
  5348 | D:11     | Noticed a centaur warrior
  5348 | D:11     | Noticed a manticore
  5361 | D:10     | Reached skill level 5 in Fighting
  5361 | D:10     | Reached skill level 5 in Short Blades
  5361 | D:10     | Reached skill level 5 in Long Blades
  5361 | D:10     | Reached skill level 5 in Axes
  5361 | D:10     | Reached skill level 5 in Staves
  5361 | D:10     | Reached skill level 5 in Ranged Weapons
  5361 | D:10     | Reached skill level 5 in Armour
  5361 | D:10     | Reached skill level 5 in Dodging
  5361 | D:10     | Reached skill level 5 in Stealth
  5361 | D:10     | Reached skill level 5 in Shields
  5361 | D:10     | Reached skill level 5 in Unarmed Combat
  5361 | D:10     | Reached skill level 5 in Spellcasting
  5361 | D:10     | Reached skill level 5 in Evocations
  5361 | D:10     | Reached XP level 10. HP: 44/74 MP: 17/17
  5406 | D:11     | Noticed a two-headed ogre
  5423 | D:11     | Killed a two-headed ogre
  5424 | D:11     | Reached skill level 10 in Throwing
  5495 | D:11     | Noticed a green ugly thing
  5674 | D:11     | Learned a level 4 spell: Sticky Flame
  5755 | D:12     | Noticed a brown ugly thing
  5766 | D:12     | Splashed by a brown ugly thing's acid

Illustrated notes

Levels and vault maps discovered:
D:1:      dpeg_arrival_radiant, layout_loops_ring,
          nicolae_ecumenical_lake_church
D:2:      layout_loops_ring, basic_altar, hex_tiny, minmay_hedge_maze,
          uniq_jessica
D:3:      layout_rooms, serial_shops, shop
D:4:      layout_cave_pools
D:5:      layout_basic, gammafunk_temple_overflow_pools, serial_shops,
          nicolae_shop_pleasant_corner_grove, uniq_eustachio, uniq_menkaure
D:6:      layout_loops_ring, uniq_sigmund
D:7:      kennysheep_slugbush, layout_loops_ring,
          mainiacjoe_overflow_small_starburst, serial_shops, shop_statue
D:8:      minmay_separated_statues, layout_loops_ring,
          amcnicky_mini_rare_corridor_liquid, minmay_misc_feat_five,
          abandoned_shop, kennysheep_cross_room, minmay_tree_intersection,
          nicolae_transmutations_shop
D:9:      layout_basic, due_lair_maze_entry_diamond, orc_0_dummy,
          minmay_fractal_squares_5, uniq_maggie
D:10:     layout_cave_pods, enter_bailey_4, uniq_sonja
D:11:     layout_roguey
D:12:     layout_layer_cave, serial_shops, nicolae_shop_dealshenge
Temple:   compressed_dpeg_triangle_lava_temple

Skill      XL: |  1  2  3  4  5  6  7  8  9 10 |
---------------+-------------------------------+-----
Polearms       | 11 | 11.7
Invocations    | 1 2 3 4 5 |  5.9
Fighting       | 1 2 3 5 |  5.3
Short Blades   | 1 2 3 5 |  5.3
Long Blades    | 1 2 3 5 |  5.3
Axes           | 1 2 3 5 |  5.3
Staves         | 1 2 3 5 |  5.3
Ranged Weapons | 1 2 3 5 |  5.3
Armour         | 1 2 3 5 |  5.3
Dodging        | 1 2 3 5 |  5.3
Stealth        | 1 2 3 5 |  5.3
Shields        | 1 2 3 5 |  5.3
Unarmed Combat | 1 2 3 5 |  5.3
Spellcasting   | 1 2 3 5 |  5.3
Evocations     | 1 2 3 5 |  5.3
Shapeshifting  | 1 2 3 4 |  4.9
Conjurations   | 1 2 3 4 |  4.4
Hexes          | 1 2 3 4 |  4.4
Summonings     | 1 2 3 4 |  4.4
Necromancy     | 1 2 3 4 |  4.4
Translocations | 1 2 3 4 |  4.4
Fire Magic     | 1 2 3 4 |  4.4
Ice Magic      | 1 2 3 4 |  4.4
Air Magic      | 1 2 3 4 |  4.4
Earth Magic    | 1 2 3 4 |  4.4
Alchemy        | 1 2 3 4 |  4.4
Maces & Flails | 3 4 5 6 |  6.0
Throwing       | 9 10 | 10.1

Action                     |  1- 3 |  4- 6 |  7- 9 | 10-12 || total
---------------------------+-------+-------+-------+-------++-------
  Melee: Spear             |    56 |   102 |   223 |    35 ||   416
         Bite              |     3 |     6 |    26 |     2 ||    37
  Throw: Boomerang         |       |    38 |   136 |     1 ||   175
         Dart              |       |       |    48 |     8 ||    56
         Javelin           |       |       |     4 |     1 ||     5
         Throwing net      |       |       |       |     1 ||     1
   Cast: Magic Dart        |       |       |    17 |       ||    17
         Blink             |       |       |       |     1 ||     1
  Evoke: Wand              |       |       |     3 |       ||     3
    Use: Potion            |     1 |       |     6 |     1 ||     8
         Scroll            |       |       |     3 |     3 ||     6
   Stab: Sleeping          |     1 |       |     2 |       ||     3
         Held in net/web   |       |       |       |     2 ||     2
 Armour: Leather armour    |    18 |    34 |   145 |    19 ||   216
         Skin              |       |     4 |       |       ||     4
  Dodge: Dodged            |    15 |    26 |   114 |    16 ||   171

Table legend: (Time is in decaauts)
 A = Elapsed time spent in this place.
 B = Non-inter-level travel time spent in this place.
 C = Inter-level travel time spent in this place.
 D = Time resting spent in this place.
 E = Time spent auto-exploring this place.
 F = Levels seen in this place.
 G = Mean time per level.
                   A        B        C        D        E       F      G
               +--------+--------+--------+--------+--------+-----+--------+
         Total |   5558 |   5370 |    188 |    166 |   3454 |  14 |  397.0 |
       Dungeon |   4692 |   4515 |    177 |    142 |   2959 |  12 |  391.0 |
        Temple |     20 |     10 |     10 |      0 |      0 |   1 |   20.0 |
        Bailey |    845 |    845 |      0 |     24 |    494 |   1 |  845.0 |
               +--------+--------+--------+--------+--------+-----+--------+

Top non-repeatable levels by time:
     D:5: 1105 daAuts
     D:7: 966 daAuts
     D:8: 906 daAuts
  Bailey: 845 daAuts
    D:11: 363 daAuts
     D:3: 342 daAuts
    D:10: 272 daAuts
     D:4: 251 daAuts
     D:1: 164 daAuts
     D:9: 158 daAuts
     D:2: 115 daAuts
     D:6: 33 daAuts
  Temple: 20 daAuts
    D:12: 12 daAuts
